 Dungeon Crawl Stone Soup version 0.26.1-11-gd32895ea62 (webtiles) character file.

Game seed: 10086925508318115120

216 Tirrikindir the Ducker (level 5, -6/37 HPs)
             Began as an Octopode Fighter on June 7, 2021.
             Killed by divine providence
             ... invoked by an orc priest
              (10 damage)
             ... on level 3 of the Dungeon.
             The game lasted 00:05:17 (2333 turns).

Tirrikindir the Ducker (Octopode Fighter)           Turns: 2333, Time: 00:05:18

Health: -6/37      AC:  1    Str: 15    XL:     5   Next: 93%
Magic:  5/5        EV: 12    Int: 10    God:
Gold:   261        SH:  9    Dex: 13    Spells: 4/4 levels left

rFire    . . .     SeeInvis .   a - +2 long sword
rCold    . . .     Faith    .   b - +0 kite shield
rNeg     . . .     Spirit   .   (helmet restricted)
rPois    .         Reflect  .   g - amulet of magic regeneration
rElec    .         Harm     .   (no ring)
rCorr    .         Rampage  .   (no ring)
Will     .....                  (no ring)
Stlth    +++.......             (no ring)
HPRegen  0.12/turn              (no ring)
MPRegen  0.34/turn              (no ring)
                                (no ring)
                                (no ring)

@: lethally poisoned (-6 -> -12)
A: almost no armour, stealthy swim, amphibious, 8 rings, constrict 8, camouflage
1, gelatinous body 1
a: no special abilities


You were on level 3 of the Dungeon.
You visited 1 branch of the dungeon, and saw 4 of its levels.

You collected 261 gold pieces.

Inventory:

Hand Weapons
 a - a +2 long sword (weapon)
 n - a +2 short sword of speed
Missiles
 h - 6 boomerangs (quivered)
Armour
 b - a +0 kite shield (worn)
Jewellery
 g - an amulet of magic regeneration (around mantle)
 m - an uncursed ring of ice
Wands
 d - a wand of disintegration (10)
Scrolls
 e - 2 scrolls of immolation
 i - 5 scrolls of remove curse
Potions
 c - 3 potions of might
 j - 2 potions of ambrosia
 k - a potion of curing
 l - a potion of flight


   Skills:
 + Level 3.7 Fighting
 * Level 3.6 Long Blades
 + Level 3.8 Dodging
 + Level 2.9 Stealth
 + Level 3.7 Shields
 + Level 0.0 Evocations


You had 4 spell levels left.
You didn't know any spells.
Your spell library was empty.

Dungeon Overview and Level Annotations

Branches:
Dungeon (4/15)
 Temple: D:4-7

Altars:
Wu Jian

Annotations:
D:4 Ijyb


Innate Abilities, Weirdness & Mutations

You cannot wear most types of armour.
You are very stealthy in the water. (Stealth+)
You are amphibious.
You can wear up to eight rings at the same time.
You can use your tentacles to constrict eight enemies at once.
Your skin changes colour to match your surroundings (Stealth+).
Your rubbery body absorbs attacks. (AC +1, EV +1)


Message History

You closely miss the quokka. You grab the quokka. You squeeze the quokka.
The quokka is severely wounded.
You constrict the quokka.
You kill the quokka!
The worker ant bites you.
* * * LOW HITPOINT WARNING * * *
You are lethally poisoned!
The worker ant poisons you!
You feel better. The worker ant bites you.
* * * LOW HITPOINT WARNING * * *
You hit the worker ant. You grab the worker ant.
You squeeze the worker ant, but do no damage.
The worker ant is heavily wounded.
You constrict the worker ant. The worker ant bites you.
* * * LOW HITPOINT WARNING * * *
You are lethally poisoned!
The worker ant poisons you!
The orc priest mumbles some strange prayers to Beogh against you.
Beogh smites you!
You die...

.#.....................# #....
...#.#....####...##....# #....
#....#.##........##....######....
#..###.#.........................
#)................##.#.######....
#.####.########...#.....#.......#
#....#..........>o#..#...)..###.#
##...####..######B#.......#.....#
##...# #..###..@.#.....#######..
##.[.# #......#####.##.# #.#
.....# ##.###..# ############.#
###### #....#..# #...........)#
####.#..# #.############ #.#..#
#.......# #....# #######.# #....#
#...###### #....#### #.........


You could see a worker ant and an orc priest.

Vanquished Creatures
  An ogre (D:2)
  An orc wizard (D:3)
  2 adders
  An adder zombie (D:3)
  A worm (D:3)
  A dart slug (D:1)
  A leopard gecko (D:2)
  4 orcs (D:3)
  2 ball pythons
  9 bats
  7 giant cockroaches
  7 hobgoblins
  14 kobolds
  A quokka (D:3)
  7 frilled lizards
  7 goblins
  6 rats
72 creatures vanquished.

Notes
Turn   | Place    | Note
-------+----------+-------------------------------------------
     0 | D:1      | Tirrikindir the Octopode Fighter began the quest for the
                  | Orb.
     0 | D:1      | Reached XP level 1. HP: 16/16 MP: 1/1
    98 | D:1      | Reached XP level 2. HP: 21/21 MP: 2/2
   170 | D:1      | Reached skill level 1 in Stealth
   263 | D:1      | Reached XP level 3. HP: 21/26 MP: 3/3
   998 | D:2      | Found an ornate altar of the Wu Jian Council.
  1088 | D:2      | Reached XP level 4. HP: 23/31 MP: 4/4
  1352 | D:2      | Noticed an ogre
  1358 | D:2      | Killed an ogre
  1359 | D:2      | Reached XP level 5. HP: 28/36 MP: 5/5
  2319 | D:4      | Noticed Ijyb
  2333 | D:3      | Killed from afar by an orc priest

Illustrated notes

Levels and vault maps discovered:
D:1:      eino_arrival_water_star, layout_basic, minmay_cupped
D:2:      layout_rooms, nzn_wu_jian_council_hall
D:3:      layout_basic
D:4:      layout_rooms, nicolae_dithmenos_shadow_blocks,
          chequers_serial_rivers_micro_a, nicolae_qazlal_general_emergency,
          uniq_ijyb

Skill      XL: |  1  2  3  4 |
---------------+-------------+-----
Stealth        | 1 2 |  2.9
Long Blades    | 3 |  3.6
Fighting       | |  3.7
Dodging        | |  3.8
Shields        | |  3.7

Action                   |  1- 3 |  4- 6 || total
-------------------------+-------+-------++-------
Melee: Long sword        |    71 |    43 ||   114
       Constrict         |    20 |    13 ||    33
       Tentacles         |    12 |    12 ||    24
Throw: Boomerang         |       |     1 ||     1
  Use: Scroll            |     8 |     3 ||    11
       Potion            |       |     2 ||     2
 Stab: Sleeping          |     5 |     5 ||    10
Armor: Skin              |     8 |       ||     8
Dodge: Dodged            |    45 |    20 ||    65
Block: Kite shield       |    23 |    19 ||    42
       Rpst.: Long sword |    19 |     9 ||    28
